 Dungeon Crawl Stone Soup version 0.24-a0-537-g2d01d4ab0a (webtiles) character file.

Game seed: 2842627112124890982

109885 Ijustatesigmund the Warrior (level 16, 0/180 HPs)
             Began as an Ogre Fighter on Aug 12, 2019.
             Was the Champion of Okawaru.
             Succumbed to a redback's poison
             ... on level 1 of the Spider Nest on Aug 14, 2019.
             The game lasted 01:35:38 (30082 turns).

Ijustatesigmund the Warrior (Ogre Fighter)         Turns: 30082, Time: 01:35:39

Health: 0/180      AC: 33    Str: 25 (26) XL:     16   Next: 53%
Magic:  22/27      EV: 15    Int:  8 (11) God:    Okawaru [******]
Gold:   1940       SH: 24    Dex:  9 (11) Spells: 14/15 levels left

rFire    . . .     SeeInvis .   t - +3 morningstar (protect)
rCold    . . .     Gourm    .   c - +4 large shield
rNeg     . . .     Faith    .   E - +7 storm dragon scales of the Lion {rElec MR+}
rPois    .         Spirit   +   d - +1 hat {MR+}
rElec    +         Reflect  .   G - +2 cloak {MR+}
rCorr    .         Harm     .   (gloves unavailable)
MR       ++++.                  (boots unavailable)
Stlth    ..........             A - amulet of guardian spirit
HPRegen  0.40/turn              i - +4 ring of protection
MPRegen  0.20/turn              X - ring "Wetieno" {rElec EV+4}

@: lethally poisoned (0 -> -16), heroism
A: large, unfitting armour, claws 1, fangs 1, clever 1, clumsy 1, strong 1,
tough skin 1
a: Heroism, Finesse, Renounce Religion


You were on level 1 of the Spider Nest.
You worshipped Okawaru.
Okawaru was exalted by your worship.
You were not hungry.

You visited 5 branches of the dungeon, and saw 26 of its levels.
You also visited: Ossuary and Volcano.

You collected 3213 gold pieces.
You spent 1273 gold pieces at shops.

Inventory:

Hand Weapons
 a - a +1 eveningstar of crushing
 t - a +3 morningstar of protection (weapon)
 Q - a +3 flail of holy wrath
Missiles
 j - 4 datura-tipped darts
 J - 3 silver javelins
 N - 34 large rocks (quivered)
 R - 8 boomerangs of dispersal
Armour
 c - a +4 large shield (worn)
 d - a +1 hat of magic resistance (worn)
 y - the +0 hat "Pelasain" {rC+ MR+}
   (You bought it in a shop on level 2 of the Orcish Mines)

   It protects you from cold.
   It affects your resistance to hostile enchantments.
 E - the +7 storm dragon scales of the Lion (worn) {rElec MR+}
   (You acquired it on level 6 of the Lair of Beasts)

   It insulates you from electricity.
   It affects your resistance to hostile enchantments.
 G - a +2 cloak of magic resistance (worn)
Jewellery
 g - an uncursed ring of see invisible
 i - a +4 ring of protection (left claw)
 r - an uncursed ring of fire
 u - an uncursed ring of fire
 A - an amulet of guardian spirit (around neck)
 V - an uncursed ring of resist corrosion
 X - the ring "Wetieno" (right claw) {rElec EV+4}
   (You found it on level 6 of the Lair of Beasts)

   [ring of evasion]

   It affects your evasion (+4).
   It insulates you from electricity.
Wands
 s - a wand of random effects (11)
 H - a wand of flame (105)
 S - a wand of acid (7)
 T - a wand of digging (15)
 W - a wand of polymorph (16)
 Y - a wand of enslavement (7)
Scrolls
 b - a scroll of amnesia
 l - 5 scrolls of fog
 p - 5 scrolls of blinking
 v - 4 scrolls of teleportation
 w - 9 scrolls of remove curse
 D - a scroll of summoning
 I - 3 scrolls of magic mapping
 L - 5 scrolls of immolation
 M - 7 scrolls of identify
 O - 3 scrolls of silence
Potions
 e - 3 potions of magic
 k - 2 potions of ambrosia
 m - 8 potions of curing
 n - 4 potions of brilliance
 o - 3 potions of flight
 q - 8 potions of haste
 x - 9 potions of lignification
 z - 3 potions of heal wounds
 B - 4 potions of agility
 C - 3 potions of cancellation
 F - 4 potions of might
 U - 3 potions of resistance
Comestibles
 f - 42 rations


   Skills:
 - Level 16.6(21.6) Fighting
 - Level 12.1(17.1) Maces & Flails
 - Level 6.8(11.8) Throwing
 + Level 10.1(15.1) Armour
 - Level 6.5(11.5) Dodging
 - Level 10.0(15.0) Shields
 - Level 14.6 Invocations


You had 14 spell levels left.
You knew the following spells:

 Your Spells              Type           Power        Failure   Level  Hunger
a - Apportation           Tloc           #.....       86%         1    ##.....

Your spell library contained the following spells:

 Spells                   Type           Power        Failure   Level  Hunger
 Beastly Appendage        Tmut           #.....       86%         1    ##.....
 Flame Tongue             Conj/Fire      #....        86%         1    ##.....
 Magic Dart               Conj           #...         86%         1    ##.....
 Summon Butterflies       Summ           #.......     86%         1    ##.....
 Searing Ray              Conj           #.....       95%         2    ###....
 Sticks to Snakes         Tmut           #.......     95%         2    ###....
 Throw Flame              Conj/Fire      #.....       95%         2    ###....
 Conjure Flame            Conj/Fire      #.......     99%         3    ####...
 Dazzling Spray           Conj/Hex       #.....       99%         3    ####...
 Inner Flame              Hex/Fire       #.......     99%         3    ####...
 Lesser Beckoning         Tloc           #.........   99%         3    ####...
 Spider Form              Tmut/Pois      #.........   99%         3    ####...
 Tukima's Dance           Hex            #.......     99%         3    ####...
 Force Lance              Conj/Tloc      #.......     100%        4    #####..
 Fulminant Prism          Conj/Hex       #.........   100%        4    #####..
 Ice Form                 Ice/Tmut       #.......     100%        4    #####..
 Iskenderun's Mystic Bla  Conj           #.......     100%        4    #####..
 Sticky Flame             Conj/Fire      #.......     100%        4    #####..
 Alistair's Intoxication  Tmut/Pois      #.......     100%        5    ######.
 Blade Hands              Tmut           #.........   100%        5    ######.
 Fireball                 Conj/Fire      #.........   100%        5    ######.
 Invisibility             Hex            #.......     100%        6    #######


Dungeon Overview and Level Annotations

Branches:
Dungeon (15/15)            Temple (1/1) D:7            Lair (6/6) D:10
 Shoals (0/4) Lair:2       Spider (2/4) Lair:2        Slime (0/5) Lair:5
    Orc (2/2) D:9             Elf (0/3) Orc:2        Vaults (0/5) D:14
 Depths (0/5) D:15

Altars:
Ashenzari
Cheibriados
Dithmenos
Elyvilon
Fedhas
Gozag
Hepliaklqana
Kikubaaqudgha
Makhleb
Nemelex Xobeh
Okawaru
Qazlal
Ru
Sif Muna
Trog
Uskayaw
Vehumet
Wu Jian
Xom
Yredelemnul
Zin
The Shining One

Shops:
D:4 [   D:5 *   D:7 !   D:8 ?   D:13 :*}=!   Orc:2 [*(:

Annotations:
D:5 3 runed translucent doors, Sassenached's ghost, amateur DsWn; anet's ghost, novice DEWz
D:14 1 runed translucent door, Enish's ghost, journeyman FoCK
Lair:4 2 transporters


Innate Abilities, Weirdness & Mutations

You are too large for most types of armour.
You have tough skin. (AC +1)
You have sharp fingernails.
You have very sharp teeth.
Your mind is acute. (Int +2)
You are clumsy. (Dex -2)
Your muscles are strong. (Str +2)


Message History

You feel very sick.
* * * LOW HITPOINT WARNING * * *
You feel very sick.
* * * LOW HITPOINT WARNING * * *
You feel very sick.
* * * LOW HITPOINT WARNING * * *
You feel very sick.
* * * LOW HITPOINT WARNING * * *
You feel very sick.
* * * LOW HITPOINT WARNING * * *
You feel very sick.
* * * LOW HITPOINT WARNING * * *
You feel sick.
* * * LOW HITPOINT WARNING * * *
You feel very sick.
* * * LOW HITPOINT WARNING * * *
You feel sick.
* * * LOW HITPOINT WARNING * * *
You feel sick.
You die...

.##..#^###...#.....##.....#####^.
##...###.....#...###...#...# #[..
.##..#≈##..#......#....########^.
..####≈...##..###########...##..#
....<.##..#...#......#^.#..####.#
##...##...###........##.......#≈≈
.###..######...#####.#...##..####
.^(....#.)####.^...####...#...#
....#..##....[..@..#.#...##..###
.####......^...##.........#....##
.#.....).##.#..##.....####≈≈#.).#
###...##..###^..#..##....########
.#..#..##.#.(.#.#...#..^#####..##
.####...####..###...#.#...#.#...#
..#.....#..#..##....###..##....##
####..#^#......##..####........#
#...####....#..##..#......######


There were no monsters in sight!

Vanquished Creatures
  Agnes (Spider:1)
  2 ghost moths (Spider:1)
  2 orc warlords (Orc:2)
  2 stone giants
  3 entropy weavers (Spider:1)
  3 centaur warriors
  2 catoblepae
  10 two-headed ogres
  9 hydras
  An ogre mage (D:14)
  3 tengu warriors
  A death yak (Lair:6)
  3 orc high priests (Orc:2)
  Sonja (Lair:3)
  A skeletal warrior (D:14)
  An obsidian statue (Volcano)
  2 wizards (D:15)
  6 orc knights
  A necromancer (D:15)
  A wolf spider zombie (D:15)
  A deep elf mage (D:14)
  7 orb spiders (Spider:1)
  A lindwurm (Lair:6)
  3 cyclopes
  4 wolf spiders (Spider:1)
  7 orc sorcerers
  6 ugly things
  6 oklob plants
  7 elephants
  A naga mage (D:15)
  9 black mambas
  2 gargoyles (D:15)
  10 spiny frogs
  3 komodo dragons
  6 rime drakes
  3 demonic crawlers (Spider:1)
  2 efreet
  8 polar bears
  3 jumping spiders
  8 trolls
  8 hornets
  A slime creature (D:12)
  A snapping turtle (Lair:2)
  16 blink frogs
  A dream sheep (Lair:6)
  3 hippogriffs
  Sigmund (D:3)
  34 redbacks
  11 tarantellas (Spider:1)
  4 shadows
  13 spriggans (Lair:6)
  5 wyverns
  6 fire bats (Volcano)
  38 orc warriors
  A fire elemental (Volcano)
  2 basilisks
  17 yaks
  4 hungry ghosts
  5 large abominations (D:15)
  6 vampire mosquitoes
  2 wargs
  A soldier ant (D:15)
  7 water moccasins
  7 porcupines
  7 ice beasts
  3 sky beasts
  5 black bears
  2 phantoms
  5 killer bees (D:8)
  10 ogres
  4 boggarts (Lair:6)
  An eye of draining (D:15)
  A necrophage (D:14)
  22 wolves
  10 centaurs
  11 crocodiles
  A big kobold (D:7)
  7 small abominations (D:15)
  11 bullfrogs
  2 earth elementals (Volcano)
  A wyvern zombie (D:12)
  A wyvern skeleton (D:13)
  A scorpion (D:9)
  2 troll zombies (D:9)
  9 wights
  3 howler monkeys (D:10)
  6 crimson imps
  3 bullfrog zombies
  7 lava snakes (Volcano)
  3 centaur zombies
  A quasit (D:8)
  7 hounds
  Crazy Yiuf (D:7)
  28 orc priests
  3 jellies (D:12)
  2 bullfrog skeletons
  Natasha (twice) (D:2)
  11 centaur skeletons
  4 iguanas
  22 orc wizards
  12 worker ants
  2 killer bee zombies
  A big kobold zombie (Ossuary)
  6 ogre zombies (D:9)
  A hound zombie (D:7)
  A hound skeleton (D:8)
  8 mummies (Ossuary)
  A howler monkey zombie (D:9)
  11 adders
  5 shadow imps
  6 oozes
  An adder zombie (D:8)
  An adder skeleton (D:6)
  2 worms (D:2)
  A dart slug (D:4)
  4 leopard geckos
  109 orcs
  5 bats
  7 giant cockroaches
  A gnoll zombie (Ossuary)
  4 goblins
  2 hobgoblins
  10 jackals (D:1)
  5 quokkas
  A frilled lizard (D:2)
  3 goblin skeletons (D:9)
  3 goblin zombies (D:9)
  5 hobgoblin zombies
  2 jackal skeletons
  A jackal zombie (D:5)
  10 kobolds
  3 kobold zombies
  A leopard gecko zombie (D:8)
  An orc skeleton (D:9)
  18 orc zombies
  8 rats
  A fungus (Lair:6)
  A plant (Lair:6)
829 creatures vanquished.

Vanquished Creatures (collateral kills)
  A bullfrog (D:6)
  Natasha (D:2)
  A worker ant (D:6)
  11 orcs
  A giant cockroach (D:2)
  A rat (D:2)
16 creatures vanquished.

Vanquished Creatures (others)
  A jumping spider (Spider:1)
  A redback (Spider:1)
  An orc warrior (Orc:2)
  2 ogres (D:8)
  A killer bee (D:8)
  An orc wizard (D:8)
  2 worker ants
  An adder (D:8)
  A leopard gecko (D:9)
  4 orcs
  2 fungi (Lair:6)
  4 plants (Lair:6)
21 creatures vanquished.

Grand Total: 866 creatures vanquished

Notes
Turn   | Place    | Note
-------+----------+-------------------------------------------
     0 | D:1      | Ijustatesigmund the Ogre Fighter began the quest for the
                  | Orb.
     0 | D:1      | Reached XP level 1. HP: 24/24 MP: 1/1
   344 | D:1      | Reached XP level 2. HP: 27/32 MP: 2/2
   707 | D:1      | Reached XP level 3. HP: 25/39 MP: 3/3
   935 | D:1      | Gained mutation: Your magical capacity is low. (-10% MP)
                  | [potion of mutation]
   935 | D:1      | Gained mutation: You do not regenerate when monsters are
                  | visible. [potion of mutation]
   935 | D:1      | Gained mutation: You are agile. (Dex +2) [potion of
                  | mutation]
  1504 | D:2      | Noticed Natasha
  1520 | D:2      | Killed Natasha
  1520 | D:2      | Reached XP level 4. HP: 7/48 MP: 3/3
  1542 | D:2      | Noticed Natasha
  1555 | D:2      | Killed Natasha
  2048 | D:2      | Noticed Natasha
  2055 | D:2      | Killed Natasha
  2055 | D:2      | Reached XP level 5. HP: 39/54 MP: 4/4
  2795 | D:2      | Reached skill level 5 in Maces & Flails
  3246 | D:3      | Reached XP level 6. HP: 10/65 MP: 5/5
  3587 | D:3      | Noticed Sigmund
  3595 | D:3      | Killed Sigmund
  3595 | D:3      | Reached skill level 5 in Fighting
  4303 | D:4      | Found Ytucaepn's Antique Armour Boutique.
  4319 | D:4      | Bought a heavy robe for 119 gold pieces
  4329 | D:4      | Identified the +0 robe of Hyixkif {rCorr MP+9 Str-2} (You
                  | bought it in a shop on level 4 of the Dungeon)
  4361 | D:4      | Reached XP level 7. HP: 66/72 MP: 6/6
  4479 | D:4      | Reached skill level 6 in Fighting
  5234 | D:5      | Entered Level 5 of the Dungeon
  5280 | D:5      | Found Mesi's Assorted Antiques.
  5288 | D:5      | Bought a scroll labeled JOHITT KUAJUB for 33 gold pieces
  5416 | D:5      | Reached skill level 1 in Throwing
  5612 | D:5      | Reached XP level 8. HP: 79/83 MP: 7/7
  5787 | D:5      | Found a runed translucent gate.
  5787 | D:5      | Found a runed translucent gate.
  5789 | D:5      | Found a runed translucent gate.
  5791 | D:5      | Noticed anet's ghost (novice DEWz)
  5791 | D:5      | Noticed Sassenached's ghost (amateur DsWn)
  6000 | D:6      | Found a sand-covered staircase.
  6163 | Ossuary  | Entered an ossuary
  6754 | D:6      | Reached skill level 7 in Fighting
  6930 | D:6      | Found a shattered altar of Ashenzari.
  6930 | D:6      | Found a basalt altar of Yredelemnul.
  6947 | D:6      | Reached skill level 8 in Fighting
  6963 | D:6      | Reached XP level 9. HP: 90/96 MP: 8/8
  7297 | D:7      | Found a staircase to the Ecumenical Temple.
  7324 | D:7      | Reached skill level 9 in Fighting
  7419 | Temple   | Entered the Ecumenical Temple
  7426 | Temple   | Became a worshipper of Warmaster Okawaru
  7560 | D:7      | Lost mutation: You do not regenerate when monsters are
                  | visible. [potion of mutation]
  7560 | D:7      | Lost mutation: You are agile. (Dex +2) [potion of mutation]
  7560 | D:7      | Gained mutation: Armour fits poorly on your strangely
                  | shaped body. [potion of mutation]
  7560 | D:7      | Gained mutation: You are somewhat resistant to further
                  | mutation. [potion of mutation]
  7756 | D:7      | Found Lynead's Distillery.
  7759 | D:7      | Bought a potion of heal wounds for 80 gold pieces
  7759 | D:7      | Bought a potion of might for 64 gold pieces
  7939 | D:7      | Reached skill level 1 in Invocations
  8034 | D:7      | Found a runed translucent door.
  8035 | D:7      | Noticed Crazy Yiuf
  8043 | D:7      | Killed Crazy Yiuf
  8553 | D:8      | Found Xymiff's Magic Scroll Shop.
  8557 | D:8      | Bought a scroll of identify for 22 gold pieces
  8557 | D:8      | Bought a scroll of magic mapping for 38 gold pieces
  8605 | D:8      | Reached skill level 10 in Fighting
  8609 | D:8      | Reached * piety under Okawaru
  8715 | D:8      | Lost mutation: You are somewhat resistant to further
                  | mutation. [potion of mutation]
  8715 | D:8      | Lost mutation: Armour fits poorly on your strangely shaped
                  | body. [potion of mutation]
  8715 | D:8      | Lost mutation: Your magical capacity is low. (-10% MP)
                  | [potion of mutation]
  8715 | D:8      | Gained mutation: You have very sharp teeth. [potion of
                  | mutation]
  8715 | D:8      | Gained mutation: You passively map a small area around you.
                  | [potion of mutation]
  8715 | D:8      | Lost mutation: You passively map a small area around you.
                  | [potion of mutation]
  8715 | D:8      | Gained mutation: You can translocate small distances at
                  | will. [potion of mutation]
  8818 | D:8      | Found a white marble altar of Elyvilon.
  8818 | D:8      | Found a stormy altar of Qazlal.
  8819 | D:8      | Found a sacrificial altar of Ru.
  8856 | D:8      | Found a shimmering altar of Xom.
  8880 | D:8      | Reached XP level 10. HP: 96/111 MP: 11/13
  8913 | D:8      | Found a shimmering blue altar of Sif Muna.
  9013 | D:9      | Noticed a two-headed ogre
  9023 | D:9      | Killed a two-headed ogre
  9023 | D:9      | Reached skill level 5 in Invocations
  9029 | D:9      | Reached skill level 11 in Fighting
  9114 | D:9      | Reached ** piety under Okawaru
  9486 | D:9      | Found a staircase to the Orcish Mines.
 10174 | D:9      | Reached *** piety under Okawaru
 10688 | D:10     | Entered Level 10 of the Dungeon
 10714 | D:10     | Noticed a two-headed ogre
 10725 | D:10     | Killed a two-headed ogre
 10725 | D:10     | Received a gift from Okawaru
 10725 | D:10     | Reached skill level 5 in Dodging
 10725 | D:10     | Reached skill level 5 in Shields
 10725 | D:10     | Reached XP level 11. HP: 116/122 MP: 13/16
 10735 | D:10     | Noticed a two-headed ogre
 10737 | D:10     | Killed a two-headed ogre
 10780 | D:10     | Noticed a tengu warrior
 10792 | D:10     | Killed a tengu warrior
 10792 | D:10     | Reached **** piety under Okawaru
 11149 | D:10     | Noticed a two-headed ogre
 11158 | D:10     | Killed a two-headed ogre
 11158 | D:10     | Reached skill level 10 in Maces & Flails
 11831 | D:10     | Noticed a two-headed ogre
 11842 | D:10     | Killed a two-headed ogre
 11842 | D:10     | Reached skill level 12 in Fighting
 12004 | D:10     | Found a staircase to the Lair.
 12157 | D:11     | Noticed a purple ugly thing
 12161 | D:11     | Killed a purple ugly thing
 12161 | D:11     | Received a gift from Okawaru
 12274 | D:11     | Reached skill level 13 in Fighting
 12444 | D:11     | Noticed an eight-headed hydra
 12634 | Orc:1    | Entered Level 1 of the Orcish Mines
 12637 | Orc:1    | Noticed a stone giant
 12754 | D:9      | Killed a stone giant
 12754 | D:9      | Reached skill level 1 in Armour
 13009 | D:11     | Noticed a six-headed hydra
 13014 | D:11     | Killed a six-headed hydra
 13014 | D:11     | Reached ***** piety under Okawaru
 13014 | D:11     | Reached XP level 12. HP: 125/137 MP: 14/17
 13047 | D:11     | Killed an eight-headed hydra
 13047 | D:11     | Reached skill level 14 in Fighting
 13905 | D:12     | Reached skill level 5 in Throwing
 14547 | D:13     | Noticed a four-headed hydra
 14557 | D:13     | Killed a four-headed hydra
 14682 | D:13     | Found Ipi Uhoz's Distillery.
 14704 | D:13     | Bought a potion of mutation for 80 gold pieces
 14752 | D:13     | Noticed a tengu warrior
 14771 | D:13     | Killed a tengu warrior
 14772 | D:13     | Found Ramiulum's Jewellery Emporium.
 14783 | D:13     | Bought a +4 ring of protection for 576 gold pieces
 14798 | D:13     | Reached ****** piety under Okawaru
 14906 | D:13     | Found Ynkuvi's Gadget Shop.
 14929 | D:13     | Found Engat's General Store.
 14957 | D:13     | Noticed a centaur warrior
 14970 | D:13     | Killed a centaur warrior
 15200 | D:13     | Found Ehuacw's Book Boutique.
 15359 | D:14     | Noticed a two-headed ogre
 15359 | D:14     | Noticed a two-headed ogre
 15365 | D:14     | Received a gift from Okawaru
 15372 | D:14     | Killed a two-headed ogre
 15374 | D:14     | Noticed an ogre mage
 15388 | D:14     | Found a gate to the Vaults.
 15394 | D:14     | Noticed a two-headed ogre
 15398 | D:14     | Noticed a centaur warrior
 15404 | D:14     | Killed a centaur warrior
 15534 | D:14     | Noticed a two-headed ogre
 15622 | D:14     | Reached XP level 13. HP: 142/148 MP: 19/19
 15682 | D:14     | Reached skill level 15 in Fighting
 16067 | D:14     | Received a gift from Okawaru
 16084 | D:14     | Received a gift from Okawaru
 16099 | D:14     | Got a crude fustibalus {god gift}
 16100 | D:14     | Identified the +1 fustibalus "Killer Klown's Doom" {venom,
                  | rC+ MR+ Int+6} (Okawaru gifted it to you on level 14 of the
                  | Dungeon)
 16275 | D:14     | Reached skill level 10 in Invocations
 16594 | D:14     | Found a runed translucent door.
 16595 | D:14     | Noticed Enish's ghost (journeyman FoCK)
 16734 | Orc:2    | Entered Level 2 of the Orcish Mines
 17268 | Orc:2    | Found a shimmering altar of Xom.
 17544 | Orc:2    | Found a staircase to the Elven Halls.
 17646 | Orc:2    | Reached skill level 16 in Fighting
 17664 | Orc:2    | Noticed an orc warlord
 17688 | Orc:2    | Killed an orc warlord
 17688 | Orc:2    | Received a gift from Okawaru
 17813 | Orc:2    | Noticed an orc warlord
 17849 | Orc:2    | Killed an orc warlord
 17849 | Orc:2    | Received a gift from Okawaru
 17905 | Orc:2    | Reached XP level 14. HP: 96/162 MP: 19/22
 17945 | Orc:2    | Received a gift from Okawaru
 18730 | Orc:2    | Found Ydukuragia's Antique Armour Shop.
 18731 | Orc:2    | Found Xuuwil's Antique Weapon Shop.
 18733 | Orc:2    | Found Kegrangy's General Store.
 18733 | Orc:2    | Found Hure's Book Boutique.
 18738 | Orc:2    | Bought an ancient hat for 261 gold pieces
 18743 | Orc:2    | Identified the +0 hat "Pelasain" {rC+ MR+} (You bought it
                  | in a shop on level 2 of the Orcish Mines)
 19157 | Lair:1   | Entered Level 1 of the Lair of Beasts
 20578 | Lair:2   | Found a hole to the Spider Nest.
 20834 | Lair:2   | Got a steaming robe
 20845 | Lair:2   | Identified the +1 robe of Submission {Dex+4} (You found it
                  | on level 2 of the Lair of Beasts)
 21218 | Lair:2   | Found a staircase to the Shoals.
 21749 | Lair:3   | Received a gift from Okawaru
 21803 | Lair:3   | Noticed Sonja
 21809 | Lair:3   | Killed Sonja
 22521 | Lair:4   | Found a transporter.
 22869 | Lair:4   | Found a transporter.
 23661 | Lair:5   | Found a staircase to the Slime Pits.
 24079 | Lair:6   | Entered Level 6 of the Lair of Beasts
 24090 | Lair:6   | Found a dark tunnel.
 24122 | Lair:6   | Reached XP level 15. HP: 129/171 MP: 18/25
 24169 | Volcano  | Entered a volcano
 24323 | Volcano  | Found a radiant altar of Vehumet.
 24413 | Volcano  | Gained mutation: Scrolls take you a little longer to read.
                  | [a neqoxec]
 24711 | Volcano  | Lost mutation: You can translocate small distances at will.
                  | [potion of mutation]
 24711 | Volcano  | Gained mutation: You are frail. (-10% HP) [potion of
                  | mutation]
 24711 | Volcano  | Gained mutation: You are dopey. (Int -2) [potion of
                  | mutation]
 24711 | Volcano  | Gained mutation: You evolve. [potion of mutation]
 24712 | Volcano  | Lost mutation: Scrolls take you a little longer to read.
                  | [potion of mutation]
 24712 | Volcano  | Lost mutation: You are frail. (-10% HP) [potion of
                  | mutation]
 24712 | Volcano  | Lost mutation: You are dopey. (Int -2) [potion of mutation]
 24712 | Volcano  | Lost mutation: You evolve. [potion of mutation]
 24712 | Volcano  | Gained mutation: You have sharp fingernails. [potion of
                  | mutation]
 24712 | Volcano  | Gained mutation: You are clumsy. (Dex -2) [potion of
                  | mutation]
 24712 | Volcano  | Gained mutation: Your mind is acute. (Int +2) [potion of
                  | mutation]
 24712 | Volcano  | Gained mutation: Your muscles are strong. (Str +2) [potion
                  | of mutation]
 24799 | Lair:6   | Received a gift from Okawaru
 25471 | Lair:6   | Reached skill level 10 in Shields
 25570 | Lair:6   | Got a dazzling flail
 25571 | Lair:6   | Identified the cursed +2 flail "Lifululo" {venom, rPois
                  | Dex+2 Stlth+} (You found it on level 6 of the Lair of
                  | Beasts)
 25861 | Lair:6   | Identified a scroll of acquirement
 25867 | Lair:6   | Got transparent storm dragon scales
 25868 | Lair:6   | Identified the +7 storm dragon scales of the Lion {rElec
                  | MR+} (You acquired it on level 6 of the Lair of Beasts)
 25947 | Lair:6   | Got a smoking turquoise ring
 25949 | Lair:6   | Identified the ring "Wetieno" {rElec EV+4} (You found it on
                  | level 6 of the Lair of Beasts)
 26352 | D:15     | Entered Level 15 of the Dungeon
 26430 | D:15     | Reached skill level 5 in Armour
 26712 | D:15     | Received a gift from Okawaru
 26733 | D:15     | Learned a level 1 spell: Apportation
 26781 | D:15     | Paralysed by a hornet for 2 turns
 26833 | D:15     | Received a gift from Okawaru
 27100 | D:15     | Reached XP level 16. HP: 121/180 MP: 23/27
 27111 | D:15     | Found a staircase to the Depths.
 27561 | Spider:1 | Entered Level 1 of the Spider Nest
 27620 | Spider:1 | Noticed Agnes
 27632 | Spider:1 | Killed Agnes
 27632 | Spider:1 | Received a gift from Okawaru
 27832 | Spider:1 | Received a gift from Okawaru
 27835 | Spider:1 | Got a crude morningstar {god gift}
 27836 | Spider:1 | Identified the +1 morningstar of Okawaru's Regard {crush,
                  | +Fly MP+9 Dex+2} (Okawaru gifted it to you on level 1 of
                  | the Spider Nest)
 29733 | Spider:1 | Received a gift from Okawaru
 29733 | Spider:1 | Reached skill level 10 in Armour
 30077 | Spider:1 | HP: 9/180 [poisoned by a redback]
 30080 | Spider:1 | HP: 3/180 [poisoned by a redback]
 30082 | Spider:1 | Succumbed to a redback's poison

Levels and vault maps discovered:
D:1:      evilmike_arrival_rings, layout_loops_ring, st_stairs_5, minivault_23,
          roderic_cross_of_infinity
D:2:      layout_basic, uniq_natasha
D:3:      layout_basic, uniq_sigmund
D:4:      layout_rooms, serial_shops, nicolae_shop_crystal, first_ration,
          minmay_misc_feat_hallway, patterned_corridor
D:5:      layout_loops_ring, gammafunk_ghost_cemetery, serial_shops,
          nicolae_shop_crystal
D:6:      layout_basic, chequers_temple_overflow_statue_of_worship,
          enter_ossuary_3, zaba_anthole
D:7:      layout_loops_cross, minmay_temple_entry_grid, serial_shops,
          nicolae_shop_behind_doors, uniq_crazy_yiuf_cottage
D:8:      layout_gridville, lemuel_doored_altar, xom_confusion_cloud,
          gammafunk_temple_overflow_claw, serial_shops, shop
D:9:      layout_basic, zombieorc2_lemuel
D:10:     minmay_curly_fans, layout_stronghold, lair_entry_dummy,
          minmay_crystal_room
D:11:     layout_roguey
D:12:     layout_roguey, hangedman_little_slice_of_home
D:13:     layout_loops_ring, serial_shops, kennysheep_little_box, shop, shop,
          shop, shop_statue
D:14:     layout_roguey, hangedman_vaults_entry_quadrant_bands,
          ebering_ghost_reflecting_pool, minmay_statues_item
D:15:     grunt_enter_depths_magical_seal, layout_basic, serial_curves,
          eino_curves_02, eino_curves_04, eino_curves_02, eino_curves_04,
          laboratory
Temple:   nicolae_temple_no_exploring_needed
Lair:1:   layout_layer_cave, lemuel_fruit_tree, grunt_megastairs_4
Lair:2:   layout_cave_pods, minmay_shoals_entry_hut, spider_nest_entry_webs,
          minmay_stone_trees_small
Lair:3:   layout_cave_shapes, uniq_sonja
Lair:4:   gammafunk_cloud_chamber, layout_loops_ring, cheibrodos_lair_lostbears
Lair:5:   layout_cave_pods, minmay_slime_entry_oklob_open, st_stairs_13
Lair:6:   minmay_lair_end_enchanted_forest, layout_concentric_octagons,
          nicolae_volcano_entry_two_sided, st_stairs_6,
          nicolae_lair_grove_arrangements, minmay_lair_oklob_chamber
Spider:1: layout_spider_delve, uniq_agnes
Spider:2: layout_spider_delve, nicolae_spider_circle_web
Orc:1:    layout_caves
Orc:2:    st_orc_congregation, layout_caves, basic_altar, minmay_orc_barracks

Skill      XL: |  1  2  3  4  5  6  7  8  9 10 11 12 13 14 15 16 |
---------------+-------------------------------------------------+-----
Maces & Flails | 2 3 4 5 6 8 9 10 11 12 | 12.1
Shields        | 3 4 5 8 10 | 10.0
Fighting       | 5 6 8 10 11 13 14 16 | 16.6
Throwing       | 1 3 4 6 |  6.8
Dodging        | 3 4 5 6 |  6.5
Invocations    | 4 7 9 11 13 14 | 14.6
Armour         | 2 3 7 10 | 10.1

Action                   |  1- 3 |  4- 6 |  7- 9 | 10-12 | 13-15 | 16-18 || total
-------------------------+-------+-------+-------+-------+-------+-------++-------
Melee: Flail             |   130 |    78 |       |   261 |   119 |       ||   588
       Whip              |       |    96 |   352 |   397 |       |       ||   845
       Bite              |       |       |     2 |   103 |   274 |    69 ||   448
       Morningstar       |       |       |       |    68 |  1277 |   397 ||  1742
       Eveningstar       |       |       |       |       |   394 |       ||   394
Throw: Dart              |     1 |    12 |    13 |     1 |       |       ||    27
       Throwing net      |       |       |     1 |       |       |       ||     1
       Large rock        |       |       |       |    20 |    87 |    24 ||   131
Invok: Heroism           |       |       |       |    14 |    15 |     2 ||    31
       Finesse           |       |       |       |       |     3 |     1 ||     4
 Abil: Blink             |       |       |       |     3 |       |       ||     3
Evoke: Wand              |       |       |       |     1 |     7 |     6 ||    14
  Use: Scroll            |     5 |     3 |    12 |    10 |    16 |     2 ||    48
       Potion            |     2 |     5 |     5 |     4 |     9 |     3 ||    28
 Stab: Sleeping          |       |       |     1 |     2 |       |       ||     3
       Invisible         |       |       |       |       |     7 |       ||     7
       Distracted        |       |       |       |       |     1 |       ||     1
  Eat: Chunk             |     2 |     6 |     4 |    18 |    30 |     5 ||    65
       Ration            |       |     1 |     3 |     3 |     3 |     2 ||    12
Armor: Robe              |    45 |    34 |    19 |    30 |       |       ||   128
       Skin              |       |     7 |       |       |       |       ||     7
       Troll leather arm |       |       |       |    86 |   393 |       ||   479
       Storm dragon scal |       |       |       |       |    84 |   342 ||   426
Dodge: Dodged            |    28 |    37 |    44 |   159 |   437 |   158 ||   863
Block: Shield            |    16 |       |       |       |       |       ||    16
       Large shield      |    94 |   182 |   239 |   652 |  1872 |   559 ||  3598

Table legend:
 A = Non-vault XP
 B = Vault XP
 C = Vault XP percentage of total XP
 D = Non-vault monster count
 E = Vault monster count
 F = Vault count percentage of total count
                 A         B        C        D         E       F
            +---------+---------+-------+---------+---------+-------
      Total |  104173 |   52806 |  33.6 |     560 |     284 |  33.6
            +---------+---------+-------+---------+---------+-------
        D:1 |      27 |      10 |  27.0 |      15 |       3 |  16.7
        D:2 |     173 |      25 |  12.6 |      27 |       1 |   3.6
        D:3 |     186 |     121 |  39.4 |      32 |       1 |   3.0
        D:4 |     432 |       0 |   0.0 |      18 |       0 |   0.0
        D:5 |     316 |       0 |   0.0 |       8 |       0 |   0.0
        D:6 |     818 |     135 |  14.2 |      14 |       7 |  33.3
        D:7 |     898 |      41 |   4.4 |      19 |       1 |   5.0
        D:8 |    1240 |      84 |   6.3 |      21 |       5 |  19.2
        D:9 |    5486 |     656 |  10.7 |      43 |      36 |  45.6
       D:10 |    4059 |    1268 |  23.8 |      13 |       4 |  23.5
       D:11 |    3732 |       0 |   0.0 |      12 |       0 |   0.0
       D:12 |    3373 |     436 |  11.4 |      42 |       9 |  17.6
       D:13 |    3986 |       0 |   0.0 |      10 |       0 |   0.0
       D:14 |    9351 |    7403 |  44.2 |      24 |      19 |  44.2
       D:15 |    7318 |    7532 |  50.7 |      34 |      23 |  40.4
     Lair:1 |    3584 |     147 |   3.9 |      15 |       1 |   6.2
     Lair:2 |    3244 |     920 |  22.1 |      13 |       4 |  23.5
     Lair:3 |    3021 |     782 |  20.6 |      10 |       1 |   9.1
     Lair:4 |    5897 |     887 |  13.1 |      16 |       3 |  15.8
     Lair:5 |    3252 |    1972 |  37.7 |      12 |       4 |  25.0
     Lair:6 |   13332 |   11331 |  45.9 |      36 |      51 |  58.6
   Spider:1 |   24753 |    1318 |   5.1 |      62 |       1 |   1.6
   Spider:2 |     746 |       0 |   0.0 |       3 |       0 |   0.0
      Orc:1 |    1472 |       0 |   0.0 |      23 |       0 |   0.0
      Orc:2 |    3477 |   13174 |  79.1 |      38 |      75 |  66.4
    Ossuary |       0 |     179 | 100.0 |       0 |      16 | 100.0
    Volcano |       0 |    4385 | 100.0 |       0 |      19 | 100.0
            +---------+---------+-------+---------+---------+-------
